cohdb
Replays
Latest Replays
All Replays
Popular Replays
Top Player Replays
Match Explorer
How It Works
Community
CoH3 Stats
Reddit
Sign in to upload your games and track your stats! →
Sign in with Steam
Match 43736711
Unlisted
Match 43736711
Overview
Messages
Build Orders
End
Kradschützen Motorcycle Team
Selects Italian Combined Arms Battlegroup
Selects Bersaglieri Squad
Bersaglieri Squad
Bersaglieri Squad
Construct Light Support Kompanie
Bersaglieri Squad
Fire Support Elements
Selects Bersaglieri Bolster
Vehicle Survival Package
Flakvierling Half-track
Pak 38 Mechanized Group
Construct Panzerarmee Kommand
Selects Semovente da 75/18 Assault Gun
Emergency Repair Kits
Panzer III L Medium Tank
Selects Carro Armato M13/40 Light Tank
Selects Pact of Steel
Walking Stuka Rocket Launcher
Pak 38 Mechanized Group
Flakvierling Half-track
Panzer III L Medium Tank
Tungsten Core Ammunition
Pak 38 Mechanized Group
Walking Stuka Rocket Launcher
Selects Breda Model 30 Light Machine Guns
MrGlaucus
Discoverer
ZELOT
ultimatron
0
0
Comments
sign in to comment!
No comments posted yet!